AoeStats
← GeraBoss

QS Arena

503228902Analyzed
1v1 RM · 2mo ago on Aug 30, 2026· 25m 30s· 2 players
Game mode
Random Map
Map size
Tiny (2 player)
Population
200
Speed
Normal
Resources
Standard
Victory
Conquest
Starting age
Dark Age
Ending age
Imperial Age
RankedLock teamsTeams togetherTeam positionsShared explorationLock speedFull tech treeHidden civsTurbo modeCheats
Victory
Defeat
🇺🇸 Franks · United States
925
+15
vs
🇲🇽 Hindustanis · Mexico
907
-15
GeraBoss
10:20 Feudal Age
14:21 Castle Age
12:28 Loom
12:41 Town Watch
12:55 Double-Bit Axe
16:59 Forging
16:49 Scale Mail Armor
21:47 Chain Mail Armor
21:36 Padded Archer Armor
21:50 Grand Trunk Road
22:31 Horse Collar
24:01 Iron Casting
23:17 Fletching
StampedVoice276
9:08 Feudal Age
7:35 Loom
9:52 Double-Bit Axe
14:43 Castle Age
14:58 Loom
Connection lost

Rejoining the realm…

Still unreachable

The connection could not be restored.

Session expired

The server has moved on; the page needs a fresh start.